[ AOE2 MATCH · #503156252 ]
UnrankedPersians vs Franks
Player's team · LOSS
[ REPLAY ANALYSIS · EXTRACTED FROM THE RECORDED GAME ]
Feudal
14:42
Castle
20:09
Imperial
47:59
| APM avg | 42.8 |
| APM peak | 91 |
| eAPM avg | 23.0 |
| Villagers / military | 161 / 124 |
Focus
⚔️ 25.8% · 🌾 74.2%
Knight ×61 · Scout Cavalry ×28 · War Elephant ×14 · Camel Scout ×12 · Monk ×6 · Trebuchet (Packed) ×3
Feudal
15:17
Castle
20:10
Imperial
46:39
| APM avg | 15.2 |
| APM peak | 25 |
| eAPM avg | 9.9 |
| Villagers / military | 127 / 143 |
Focus
⚔️ 20.6% · 🌾 79.4%
Throwing Axeman ×132 · Monk ×4 · Knight ×3 · Trebuchet (Packed) ×3 · Mangonel ×1
Feudal
17:15
Castle
20:59
Imperial
43:26
| APM avg | 23.7 |
| APM peak | 55 |
| eAPM avg | 11.8 |
| Villagers / military | 93 / 92 |
Focus
⚔️ 28.7% · 🌾 71.3%
Knight ×41 · Tarkan ×25 · Skirmisher ×20 · Cavalry Archer ×3 · Trebuchet (Packed) ×3
Match map
Initial resources + every placement click. Lines = walls · curves = elevation contours. ◆ gold · ⬟ stone · ● berries · ✦ relic · ◌ wall gap
Your base· Open — unwalled flank
FAN's base· Open — unwalled flank
win26's base· Open — unwalled flank
Smoothed initial terrain · ◌ = detected wall gap · hover for details
Inputs per minute
— whosyourmama - - FAN
Build order — whosyourmama
First 150 of 451 actions detected
| 0:38 | Build | Town Center |
| 1:26 | Build | House |
| 1:30 | Build | House |
| 2:36 | Create | Villager (Male) |
| 2:36 | Create | Villager (Male) |
| 2:37 | Create | Villager (Male) |
| 2:37 | Create | Villager (Male) |
| 2:38 | Create | Villager (Male) |
| 2:38 | Create | Villager (Male) |
| 3:46 | Create | Villager (Male) |
| 3:46 | Create | Villager (Male) |
| 4:29 | Create | Villager (Male) |
| 4:29 | Create | Villager (Male) |
| 4:59 | Create | Villager (Male) |
| 5:00 | Create | Villager (Male) |
| 5:17 | Create | Villager (Male) |
| 5:53 | Build | Mill |
| 5:55 | Create | Villager (Male) |
| 5:55 | Create | Villager (Male) |
| 6:02 | Create | Villager (Male) |
| 6:34 | Create | Villager (Male) |
| 6:34 | Create | Villager (Male) |
| 6:47 | Create | Villager (Male) |
| 6:47 | Create | Villager (Male) |
| 7:04 | Research | Loom |
| 7:24 | Create | Villager (Male) |
| 7:31 | Build | House |
| 7:32 | Build | House |
| 7:34 | Create | Villager (Male) |
| 8:00 | Build | House |
| 8:06 | Build | Mill |
| 8:10 | Create | Villager (Male) |
| 8:10 | Create | Villager (Male) |
| 8:10 | Create | Villager (Male) |
| 8:21 | Create | Villager (Male) |
| 8:22 | Create | Villager (Male) |
| 8:22 | Create | Villager (Male) |
| 8:40 | Create | Villager (Male) |
| 9:05 | Create | Villager (Male) |
| 9:34 | Build | Barracks |
| 9:37 | Create | Villager (Male) |
| 9:37 | Create | Villager (Male) |
| 10:01 | Create | Villager (Male) |
| 10:01 | Create | Villager (Male) |
| 10:02 | Create | Villager (Male) |
| 10:02 | Create | Villager (Male) |
| 10:34 | Create | Villager (Male) |
| 10:43 | Build | House |
| 10:46 | Create | Villager (Male) |
| 11:22 | Create | Villager (Male) |
| 11:27 | Build | Palisade Wall |
| 11:43 | Create | Villager (Male) |
| 12:12 | Research | Feudal Age |
| 12:13 | Research | Feudal Age |
| 12:19 | Build | Mill |
| 12:52 | Create | Villager (Male) |
| 13:24 | Build | Lumber Camp |
| 14:14 | Build | Mining Camp |
| 14:42 | Age | Feudal Age |
| 14:47 | Create | Villager (Male) |
| 14:48 | Research | Double-Bit Axe |
| 14:55 | Build | Stable |
| 15:10 | Create | Villager (Male) |
| 15:15 | Research | Wheelbarrow |
| 15:40 | Build | Blacksmith |
| 15:46 | Build | Palisade Wall |
| 15:49 | Build | Palisade Wall |
| 15:51 | Build | Palisade Gate |
| 16:08 | Build | Palisade Wall |
| 16:16 | Create | Villager (Male) |
| 16:24 | Research | Horse Collar |
| 16:33 | Build | Palisade Wall |
| 16:45 | Build | Farm |
| 16:48 | Build | Farm |
| 16:53 | Build | Farm |
| 16:56 | Build | Farm |
| 16:57 | Create | Villager (Male) |
| 17:06 | Build | Farm |
| 17:15 | Build | Farm |
| 17:24 | Build | Palisade Wall |
| 17:35 | Build | Palisade Gate |
| 17:44 | Research | Castle Age |
| 17:44 | Research | Castle Age |
| 17:44 | Research | Castle Age |
| 17:45 | Research | Castle Age |
| 17:45 | Research | Castle Age |
| 17:51 | Build | House |
| 18:04 | Build | Farm |
| 18:15 | Build | House |
| 18:25 | Build | Palisade Wall |
| 18:33 | Research | Bloodlines |
| 18:40 | Build | Stable |
| 18:59 | Build | Farm |
| 19:08 | Build | Farm |
| 19:16 | Build | Farm |
| 19:22 | Build | House |
| 19:44 | Build | Market |
| 19:48 | Create | Scout Cavalry |
| 19:50 | Research | Scale Barding Armor |
| 20:09 | Age | Castle Age |
| 20:14 | Build | Farm |
| 20:15 | Create | Knight |
| 20:15 | Create | Knight |
| 20:25 | Create | Camel Scout |
| 20:40 | Create | Knight |
| 20:45 | Build | Town Center |
| 20:58 | Build | Farm |
| 21:00 | Create | Villager (Male) |
| 21:10 | Create | Villager (Male) |
| 21:33 | Create | Villager (Male) |
| 21:56 | Create | Villager (Male) |
| 21:58 | Create | Villager (Male) |
| 22:08 | Build | Town Center |
| 22:11 | Create | Villager (Male) |
| 22:18 | Create | Camel Scout |
| 22:20 | Create | Villager (Male) |
| 22:35 | Build | Farm |
| 22:36 | Build | Farm |
| 22:36 | Build | Farm |
| 22:36 | Build | Farm |
| 22:37 | Build | Farm |
| 22:38 | Build | Farm |
| 22:51 | Create | Scout Cavalry |
| 22:51 | Create | Camel Scout |
| 22:54 | Create | Villager (Male) |
| 23:46 | Create | Villager (Male) |
| 23:47 | Create | Villager (Male) |
| 23:47 | Create | Villager (Male) |
| 23:48 | Create | Villager (Male) |
| 24:05 | Create | Knight |
| 24:06 | Create | Villager (Male) |
| 24:10 | Build | Monastery |
| 24:16 | Create | Villager (Male) |
| 24:16 | Create | Villager (Male) |
| 24:19 | Build | Farm |
| 24:19 | Build | Farm |
| 24:19 | Build | Farm |
| 24:20 | Build | Farm |
| 24:20 | Build | Farm |
| 24:20 | Build | Farm |
| 24:20 | Build | Farm |
| 24:21 | Build | Farm |
| 24:21 | Build | Farm |
| 24:21 | Build | Farm |
| 24:22 | Build | Farm |
| 24:22 | Build | Farm |
| 24:22 | Build | Farm |
| 24:23 | Build | Farm |
| 24:23 | Build | Farm |
| 24:35 | Create | Knight |
Build order — FAN
First 150 of 279 actions detected
| 0:15 | Build | House |
| 0:40 | Build | Town Center |
| 3:07 | Create | Villager (Male) |
| 3:08 | Create | Villager (Male) |
| 3:08 | Create | Villager (Male) |
| 3:08 | Create | Villager (Male) |
| 3:09 | Create | Villager (Male) |
| 3:11 | Research | Loom |
| 4:02 | Build | House |
| 4:25 | Create | Villager (Male) |
| 4:25 | Create | Villager (Male) |
| 5:01 | Create | Villager (Male) |
| 5:30 | Build | House |
| 5:33 | Create | Villager (Male) |
| 5:34 | Create | Villager (Male) |
| 6:06 | Create | Villager (Male) |
| 6:06 | Create | Villager (Male) |
| 6:19 | Build | House |
| 6:30 | Create | Villager (Male) |
| 6:30 | Create | Villager (Male) |
| 6:37 | Create | Villager (Male) |
| 6:58 | Build | House |
| 7:02 | Create | Villager (Male) |
| 7:02 | Create | Villager (Male) |
| 7:03 | Create | Villager (Male) |
| 7:18 | Create | Villager (Male) |
| 7:19 | Create | Villager (Male) |
| 7:43 | Create | Villager (Male) |
| 8:18 | Create | Villager (Male) |
| 8:19 | Create | Villager (Male) |
| 9:23 | Create | Villager (Male) |
| 9:23 | Create | Villager (Male) |
| 9:24 | Create | Villager (Male) |
| 9:24 | Create | Villager (Male) |
| 10:09 | Build | Lumber Camp |
| 10:36 | Create | Villager (Male) |
| 10:36 | Create | Villager (Male) |
| 10:37 | Create | Villager (Male) |
| 10:42 | Create | Villager (Male) |
| 10:57 | Build | Mill |
| 11:25 | Build | Mill |
| 12:17 | Create | Villager (Male) |
| 12:42 | Create | Villager (Male) |
| 12:49 | Research | Feudal Age |
| 13:09 | Build | Mining Camp |
| 15:17 | Age | Feudal Age |
| 15:23 | Research | Wheelbarrow |
| 15:24 | Create | Villager (Male) |
| 15:38 | Build | Blacksmith |
| 15:44 | Build | Market |
| 17:30 | Research | Castle Age |
| 17:55 | Build | Barracks |
| 18:00 | Research | Double-Bit Axe |
| 18:28 | Build | House |
| 18:30 | Build | House |
| 19:38 | Build | Stable |
| 20:10 | Age | Castle Age |
| 20:12 | Create | Villager (Male) |
| 20:13 | Create | Villager (Male) |
| 20:13 | Create | Villager (Male) |
| 20:27 | Build | Town Center |
| 20:39 | Build | Farm |
| 20:55 | Create | Knight |
| 20:55 | Create | Knight |
| 20:56 | Create | Knight |
| 21:11 | Create | Villager (Male) |
| 21:12 | Create | Villager (Male) |
| 22:13 | Build | Castle |
| 22:19 | Create | Villager (Male) |
| 22:19 | Create | Villager (Male) |
| 22:20 | Create | Villager (Male) |
| 22:47 | Build | Farm |
| 22:48 | Build | Farm |
| 23:58 | Create | Villager (Male) |
| 23:59 | Create | Villager (Male) |
| 24:24 | Build | Town Center |
| 24:43 | Build | Farm |
| 24:52 | Build | Farm |
| 24:58 | Create | Throwing Axeman |
| 25:19 | Build | Farm |
| 25:29 | Create | Throwing Axeman |
| 25:30 | Create | Throwing Axeman |
| 26:00 | Build | Farm |
| 26:03 | Build | Farm |
| 26:04 | Create | Villager (Male) |
| 26:08 | Build | Farm |
| 26:18 | Create | Villager (Male) |
| 26:30 | Build | Farm |
| 26:32 | Build | Farm |
| 26:38 | Build | Farm |
| 26:45 | Create | Villager (Male) |
| 26:58 | Create | Villager (Male) |
| 27:21 | Build | Castle |
| 27:36 | Create | Throwing Axeman |
| 27:36 | Create | Throwing Axeman |
| 27:37 | Create | Throwing Axeman |
| 27:40 | Create | Villager (Male) |
| 27:52 | Build | Mining Camp |
| 27:54 | Create | Villager (Male) |
| 27:54 | Create | Villager (Male) |
| 28:38 | Build | Mining Camp |
| 28:45 | Create | Throwing Axeman ×4 |
| 28:46 | Create | Throwing Axeman ×4 |
| 28:56 | Build | Farm |
| 28:58 | Build | Farm |
| 29:00 | Create | Villager (Male) |
| 29:00 | Create | Villager (Male) |
| 29:06 | Create | Villager (Male) |
| 29:15 | Build | Farm |
| 29:43 | Create | Throwing Axeman ×2 |
| 29:44 | Create | Throwing Axeman ×2 |
| 30:35 | Create | Villager (Male) |
| 30:36 | Create | Villager (Male) |
| 30:38 | Create | Villager (Male) |
| 30:39 | Create | Villager (Male) |
| 30:39 | Create | Villager (Male) |
| 30:55 | Build | Town Center |
| 31:06 | Create | Villager (Male) |
| 31:06 | Create | Villager (Male) |
| 31:09 | Create | Villager (Male) |
| 31:10 | Create | Villager (Male) |
| 31:22 | Create | Villager (Male) |
| 31:22 | Create | Villager (Male) |
| 31:25 | Create | Villager (Male) |
| 31:25 | Create | Villager (Male) |
| 31:25 | Create | Villager (Male) |
| 32:39 | Build | Castle |
| 32:44 | Create | Throwing Axeman ×5 |
| 32:44 | Create | Throwing Axeman ×5 |
| 32:44 | Create | Throwing Axeman ×5 |
| 33:01 | Create | Villager (Male) |
| 33:05 | Build | Farm |
| 33:06 | Build | Farm |
| 33:15 | Create | Villager (Male) |
| 33:17 | Create | Villager (Male) |
| 33:18 | Create | Villager (Male) |
| 33:45 | Create | Throwing Axeman ×2 |
| 33:45 | Create | Throwing Axeman ×2 |
| 34:26 | Create | Villager (Male) |
| 34:27 | Create | Villager (Male) |
| 34:27 | Create | Villager (Male) |
| 34:34 | Create | Throwing Axeman ×2 |
| 34:34 | Create | Throwing Axeman ×2 |
| 35:22 | Create | Villager (Male) |
| 35:22 | Create | Villager (Male) |
| 35:24 | Create | Villager (Male) |
| 35:24 | Create | Villager (Male) |
| 35:25 | Create | Villager (Male) |
| 35:28 | Build | Farm |
| 35:31 | Build | Farm |
Build order — win26
First 150 of 264 actions detected
| 0:49 | Build | Town Center |
| 2:44 | Create | Villager (Male) |
| 2:45 | Create | Villager (Male) |
| 2:45 | Create | Villager (Male) |
| 2:45 | Create | Villager (Male) |
| 2:46 | Create | Villager (Male) |
| 4:17 | Create | Villager (Male) |
| 4:17 | Create | Villager (Male) |
| 4:36 | Create | Villager (Male) |
| 4:37 | Create | Villager (Male) |
| 5:04 | Create | Villager (Male) |
| 5:04 | Create | Villager (Male) |
| 5:32 | Create | Villager (Male) |
| 5:33 | Create | Villager (Male) |
| 5:33 | Create | Villager (Male) |
| 6:11 | Create | Villager (Male) |
| 6:12 | Create | Villager (Male) |
| 6:52 | Create | Villager (Male) |
| 6:53 | Create | Villager (Male) |
| 7:23 | Create | Villager (Male) |
| 7:24 | Create | Villager (Male) |
| 7:24 | Create | Villager (Male) |
| 8:06 | Create | Villager (Male) |
| 8:07 | Create | Villager (Male) |
| 8:07 | Create | Villager (Male) |
| 9:15 | Create | Villager (Male) |
| 9:15 | Create | Villager (Male) |
| 9:16 | Create | Villager (Male) |
| 9:16 | Create | Villager (Male) |
| 10:31 | Build | Mining Camp |
| 10:38 | Build | Mining Camp |
| 10:43 | Create | Villager (Male) |
| 10:43 | Create | Villager (Male) |
| 10:43 | Create | Villager (Male) |
| 11:15 | Build | Outpost |
| 11:41 | Build | Mill |
| 11:59 | Create | Villager (Male) |
| 11:59 | Create | Villager (Male) |
| 12:41 | Build | Mill |
| 12:51 | Create | Villager (Male) |
| 12:52 | Create | Villager (Male) |
| 12:52 | Create | Villager (Male) |
| 13:30 | Create | Villager (Male) |
| 13:31 | Create | Villager (Male) |
| 13:55 | Research | Loom |
| 13:55 | Research | Loom |
| 15:05 | Research | Feudal Age |
| 15:09 | Research | Loom |
| 15:19 | Build | Barracks |
| 16:56 | Build | Lumber Camp |
| 17:15 | Age | Feudal Age |
| 17:21 | Build | Market |
| 17:26 | Build | Blacksmith |
| 18:19 | Research | Castle Age |
| 18:31 | Build | Stable |
| 18:31 | Build | Stable |
| 18:36 | Build | Archery Range |
| 18:37 | Build | Archery Range |
| 19:08 | Research | Double-Bit Axe |
| 19:12 | Research | Stone Mining |
| 19:12 | Research | Gold Mining |
| 19:16 | Research | Scale Barding Armor |
| 19:17 | Research | Scale Mail Armor |
| 20:01 | Build | Mill |
| 20:59 | Age | Castle Age |
| 21:30 | Research | Husbandry |
| 21:31 | Research | Bloodlines |
| 21:32 | Create | Knight |
| 21:35 | Create | Knight |
| 21:35 | Create | Knight |
| 21:56 | Create | Villager (Male) |
| 21:57 | Create | Villager (Male) |
| 21:57 | Create | Villager (Male) |
| 21:57 | Create | Villager (Male) |
| 21:58 | Create | Villager (Male) |
| 21:58 | Create | Villager (Male) |
| 22:31 | Build | Farm |
| 23:00 | Build | Town Center |
| 23:13 | Build | Farm |
| 23:24 | Build | Farm |
| 23:36 | Build | Mining Camp |
| 23:42 | Create | Knight |
| 23:42 | Create | Knight |
| 24:04 | Create | Knight |
| 24:04 | Create | Knight |
| 24:04 | Create | Knight |
| 24:38 | Create | Knight |
| 24:38 | Create | Knight |
| 24:38 | Create | Knight |
| 25:00 | Create | Villager (Male) |
| 25:00 | Create | Villager (Male) |
| 25:11 | Create | Villager (Male) |
| 25:11 | Create | Villager (Male) |
| 25:11 | Create | Villager (Male) |
| 25:11 | Create | Villager (Male) |
| 25:30 | Build | Farm |
| 26:01 | Build | Farm |
| 26:36 | Build | Farm |
| 26:43 | Create | Villager (Male) |
| 26:43 | Create | Villager (Male) |
| 26:44 | Create | Villager (Male) |
| 26:44 | Create | Villager (Male) |
| 26:50 | Build | Farm |
| 27:05 | Build | Town Center |
| 28:42 | Build | Castle |
| 28:55 | Create | Villager (Male) |
| 28:55 | Create | Villager (Male) |
| 28:55 | Create | Villager (Male) |
| 28:56 | Create | Villager (Male) |
| 28:56 | Create | Villager (Male) |
| 28:56 | Create | Villager (Male) |
| 28:57 | Create | Villager (Male) |
| 28:57 | Create | Villager (Male) |
| 28:57 | Create | Villager (Male) |
| 29:09 | Build | Farm |
| 29:13 | Create | Villager (Male) |
| 29:13 | Create | Villager (Male) |
| 29:35 | Create | Knight |
| 29:35 | Create | Knight |
| 29:36 | Create | Knight |
| 29:36 | Create | Knight |
| 29:36 | Create | Knight |
| 29:37 | Create | Knight |
| 30:38 | Create | Tarkan |
| 30:39 | Create | Tarkan |
| 30:39 | Create | Tarkan |
| 30:39 | Create | Tarkan |
| 30:39 | Create | Tarkan |
| 31:05 | Build | Town Center |
| 31:21 | Create | Tarkan |
| 31:21 | Create | Tarkan |
| 31:21 | Create | Tarkan |
| 31:22 | Create | Tarkan |
| 31:48 | Build | Farm |
| 32:30 | Create | Tarkan |
| 32:31 | Create | Tarkan |
| 32:31 | Create | Tarkan |
| 32:31 | Create | Tarkan |
| 32:50 | Create | Villager (Male) |
| 32:50 | Create | Villager (Male) |
| 32:59 | Build | Lumber Camp |
| 33:15 | Create | Tarkan |
| 33:15 | Create | Tarkan |
| 34:01 | Create | Tarkan |
| 34:02 | Create | Tarkan |
| 34:08 | Build | Farm |
| 34:09 | Build | Farm |
| 34:12 | Create | Knight |
| 34:13 | Create | Knight |
| 34:28 | Create | Knight |
Match timeline
| 9:34 | whosyourmama · first_building Barracks |
| 11:27 | whosyourmama · wall_segment Palisade Wall x9 |
| 14:42 | whosyourmama · age_up feudal |
| 14:55 | whosyourmama · first_building Stable |
| 15:17 | FAN · age_up feudal |
| 15:19 | win26 · first_building Barracks |
| 15:46 | whosyourmama · wall_segment Palisade Wall x5 |
| 15:49 | whosyourmama · wall_segment Palisade Wall x11 |
| 16:08 | whosyourmama · wall_segment Palisade Wall x12 |
| 16:33 | whosyourmama · wall_segment Palisade Wall x6 |
| 17:15 | win26 · age_up feudal |
| 17:24 | whosyourmama · wall_segment Palisade Wall x1 |
| 17:27 | FAN · first_market_sell 100 food |
| 17:55 | FAN · first_building Barracks |
| 18:25 | whosyourmama · wall_segment Palisade Wall x7 |
| 18:31 | win26 · first_building Stable |
| 18:36 | win26 · first_building Archery Range |
| 19:38 | FAN · first_building Stable |
| 20:09 | whosyourmama · age_up castle |
| 20:10 | FAN · age_up castle |
| 20:59 | win26 · age_up castle |
| 21:58 | FAN · first_market_buy 100 stone |
| 22:13 | FAN · first_building Castle |
| 24:00 | win26 · first_market_sell 100 food |
| 24:10 | whosyourmama · first_building Monastery |
| 25:06 | win26 · first_market_buy 100 food |
| 28:42 | win26 · first_building Castle |
| 29:21 | whosyourmama · first_market_buy 100 stone |
| 29:30 | whosyourmama · first_building Castle |
| 29:43 | whosyourmama · wall_segment Stone Wall x18 |
| 32:43 | whosyourmama · wall_segment Stone Wall x7 |
| 32:44 | whosyourmama · wall_segment Stone Wall x1 |
| 36:32 | FAN · first_building Siege Workshop |
| 36:59 | whosyourmama · wall_segment Stone Wall x1 |
| 38:51 | whosyourmama · wall_segment Stone Wall x9 |
| 40:50 | whosyourmama · wall_segment Stone Wall x1 |
| 40:53 | whosyourmama · wall_segment Stone Wall x1 |
| 41:20 | FAN · first_building Monastery |
| 42:15 | whosyourmama · wall_segment Stone Wall x6 |
| 42:28 | whosyourmama · wall_segment Stone Wall x6 |
| 42:29 | whosyourmama · wall_segment Stone Wall x1 |
| 43:26 | win26 · age_up imperial |
| 45:53 | whosyourmama · wall_segment Stone Wall x8 |
| 46:39 | FAN · age_up imperial |
| 46:39 | whosyourmama · wall_segment Stone Wall x2 |
| 47:51 | whosyourmama · wall_segment Stone Wall x6 |
| 47:59 | whosyourmama · age_up imperial |
| 48:19 | whosyourmama · first_market_sell 100 food |
| 52:10 | whosyourmama · resign |
[ AI ANALYSIS · 1 CREDIT ]
What really happened in this match?
Wolo.gg analyzes every decision: build order, eco, micro, common mistakes by bracket. Personalized analysis on WhatsApp or Discord in 30 seconds.
Civ guide
Persians
Perfil
Jugador #3171807